AoeStats
← efgpl

MegaRandom

506880636Analyzed
2v2 RM · 16d ago on Sep 15, 2026· 58m 28s· 4 players
Game mode
Random Map
Map size
Medium (4 player)
Population
200
Speed
Normal
Resources
Standard
Victory
Conquest
Starting age
Dark Age
Ending age
Imperial Age
RankedLock teamsTeams togetherTeam positionsShared explorationLock speedFull tech treeHidden civsTurbo modeCheats
Victory
Defeat
🇵🇱 Persians · Poland
1325
+6
🇵🇱 Vietnamese · Poland
879
+22
🇮🇹 Celts · Italy
1094
-16
🇦🇺 Vikings · Australia
1019
-12
Salty Ballz
8:25 Loom
10:29 Feudal Age
11:05 Double-Bit Axe
11:56 Horse Collar
11:49 Man-at-Arms
13:02 Arson
17:56 Castle Age
19:59 Pikeman
23:31 Scale Mail Armor
35:54 Ballistics
LearnToLoop
7:33 Loom
10:38 Feudal Age
17:29 Castle Age
15:20 Double-Bit Axe
15:25 Horse Collar
19:43 Scale Mail Armor
19:54 Forging
23:25 Squires
23:11 Arson
24:26 Chain Mail Armor
25:23 Iron Casting
26:09 Chieftains
33:13 Fletching
42:20 Imperial Age
44:40 Conscription
43:44 Elite Berserk
45:32 Blast Furnace
45:10 Plate Mail Armor
46:11 Bodkin Arrow
46:17 Padded Archer Armor
45:41 Elite Skirmisher
46:38 Heavy Plow
47:57 Ballistics
49:32 Leather Archer Armor
51:55 Bracer
52:30 Ring Archer Armor
53:43 Chemistry
WELL-pack
0:38 Loom
8:19 Feudal Age
14:03 Castle Age
13:24 Double-Bit Axe
21:33 Bloodlines
22:57 Fletching
24:22 Bodkin Arrow
25:25 Ballistics
27:29 Gold Mining
29:27 Husbandry
31:29 Bow Saw
36:17 Imperial Age
35:48 Wheelbarrow
37:46 Chemistry
37:35 Hand Cart
39:48 Conscription
39:13 Cavalier
41:01 Padded Archer Armor
40:35 Heavy Cavalry Archer
45:15 Parthian Tactics
44:57 Thumb Ring
45:24 Scale Barding Armor
45:33 Town Watch
46:33 Citadels
46:24 Savar
47:30 Masonry
48:14 Coinage
48:34 Chain Barding Armor
48:18 Horse Collar
49:10 Forging
50:31 Gold Shaft Mining
50:26 Heavy Plow
51:15 Plate Barding Armor
51:16 Iron Casting
51:41 Architecture
51:38 Leather Archer Armor
53:16 Two-Man Saw
52:48 Town Patrol
54:15 Banking
54:48 Blast Furnace
efgpl
7:17 Loom
9:03 Feudal Age
10:42 Double-Bit Axe
10:41 Horse Collar
16:05 Padded Archer Armor
16:48 Fletching
25:10 Castle Age
26:27 Crossbowman
29:36 Thumb Ring
32:14 Wheelbarrow
31:54 Gold Mining
32:25 Bow Saw
32:20 Heavy Plow
34:46 Bodkin Arrow
48:15 Ballistics
47:47 Heated Shot
53:43 Imperial Age
54:23 Hand Cart
53:54 Town Watch
55:03 Leather Archer Armor
56:35 Chemistry
59:02 Scale Barding Armor
59:08 Forging
Connection lost

Rejoining the realm…

Still unreachable

The connection could not be restored.

Session expired

The server has moved on; the page needs a fresh start.